 Dungeon Crawl Stone Soup version 0.29.0-7-g18a832c13a (webtiles) character file.

Game seed: 10038492230308763416

612 sanka the Cudgeller (level 7, -2/66 HPs)
             Began as a Troll Cinder Acolyte on Aug 31, 2022.
             Was a High Priest of Ignis.
             Slain by a kobold brigand
             ... wielding a +0 war axe
              (9 damage)
             ... in a bailey.
             The game lasted 00:05:08 (2777 turns).

sanka the Cudgeller (Troll Cinder Acolyte)          Turns: 2777, Time: 00:05:09

Health: -2/66      AC:  4    Str: 23    XL:     7   Next: 20%
Magic:  7/7        EV:  9    Int: 16    God:    Ignis [*****.]
Gold:   169        SH:  0    Dex:  7    Spells: 8/8 levels left

rFire   + + .      SeeInvis .   a - +0 flail
rCold   . . .      Faith    .   (no shield)
rNeg    . . .      Spirit   .   s - +0 robe {rF+}
rPois   .          Reflect  .   (helmet restricted)
rElec   .          Harm     .   (no cloak)
rCorr   .          Rampage  .   (gloves unavailable)
Will    .....                   (boots unavailable)
Stlth   +.........              (no amulet)
HPRegen 1.01/turn               (no ring)
MPRegen 0.10/turn               v - +6 ring of intelligence

@: confused, ambrosia-drunk, attractive, slowed, very slow
A: large, unfitting armour, claws 3, regeneration 1, shaggy fur 1, tough skin 1
a: Renounce Religion, Fiery Armour, Foxfire Swarm, Rising Flame


You were in a bailey.
You worshipped Ignis.
Ignis was extremely pleased with you.
You visited 1 branch of the dungeon, and saw 5 of its levels.
You also visited: Bailey.

You collected 169 gold pieces.


Innate Abilities, Weirdness & Mutations

You are too large for most types of armour.
You have claws for hands.
Your natural rate of healing is unusually fast.
You are covered in fur. (AC +1)
You have tough skin. (AC +1)


   Skills:
 + Level 2.6 Fighting
 * Level 7.6 Maces & Flails
 - Level 1.0 Spellcasting
 - Level 2.1 Fire Magic


You had 8 spell levels left.
You didn't know any spells.
Your spell library contained the following spells:

 Spells                   Type           Power      Damage    Failure   Level
 Scorch                   Fire           14%        2d6       14%         2

Inventory:

Hand Weapons
 a - a +0 flail (weapon)
 t - a -1 mace of flaming
Missiles
 z - 8 boomerangs (quivered)
Armour
 s - a +0 robe of fire resistance (worn)
Jewellery
 g - a ring of ice
 v - a +6 ring of intelligence (right claw)
Wands
 p - a wand of charming (11)
 y - a wand of iceblast (9)
Scrolls
 f - a scroll of amnesia {unknown}
 i - 2 scrolls of teleportation {@r4}
 j - 2 scrolls of enchant armour {unknown}
 m - a scroll of poison {unknown}
 u - a scroll of magic mapping {unknown}
 x - 2 scrolls of fog {unknown}
Potions
 b - 2 potions of haste {unknown}
 c - 2 potions of attraction {!q}
 d - 3 potions of curing {unknown}
 e - a potion of mutation {unknown}
 h - 2 potions of heal wounds {unknown}
 k - a potion of experience {unknown}
 l - a potion of flight {unknown}
 n - 2 potions of ambrosia
 o - a potion of brilliance {unknown}
 q - a potion of might {unknown}
 r - a potion of cancellation {unknown}
 w - a potion of magic {unknown}

Dungeon Overview and Level Annotations

Branches:
Dungeon (7/15)             Bailey (1/1)
 Temple: D:4-7

Altars:

Portals:
Ossuary: D:7

Annotations:
D:4 3 runed translucent doors, nmsoi's ghost, novice GnEE

▒▒ . ..▒
▒▒~~.......~~▒ ▒.▒
.~~.......~~. ..▒
▒▒▒~~.......~~▒▒▒.▒
..~~.......~~....▒
▒▒▒~~.......~~▒▒▒K▒
...~~.......~~..T.▒
▒▒▒~~.......~~▒▒▒.▒
...~~†).....~~....▒
▒▒▒~†.†.....~~▒▒▒▒▒
▒▒~†......~▒▒
▒▒▒▒...▒▒▒▒ ▒...▒
▒...▒ ▒...▒


You could see a kobold brigand.


Message History

You feel very sick.
The kobold brigand throws a curare-tipped dart.
The curare-tipped dart barely misses you.
You feel sick.
The kobold brigand hits you with a +0 war axe!
* * * LOW HITPOINT WARNING * * *
The kobold brigand hits you with a +0 war axe!
* * * LOW HITPOINT WARNING * * *
You hit the kobold brigand.
The kobold brigand is moderately wounded.
You feel sick.
The kobold brigand hits you with a +0 war axe!
* * * LOW HITPOINT WARNING * * *
Unknown command.
You hit the kobold brigand.
The kobold brigand is moderately wounded.
* * * LOW HITPOINT WARNING * * *
You feel sick. The kobold brigand barely misses you.
The kobold brigand completely misses you.
It was a potion of attraction.
You feel attractive to monsters.
You feel sick.
You are no longer poisoned.
The kobold brigand closely misses you.
It was a potion of ambrosia.
You are confused.
You feel invigorated.
The kobold brigand hits you with a +0 war axe!
You die...

Action                   |  1- 3 |  4- 6 |  7- 9 || total
-------------------------+-------+-------+-------++-------
Melee: Mace              |    67 |   121 |       ||   188
       Punch             |       |     3 |       ||     3
       Flail             |       |   118 |    53 ||   171
Invok: Fiery Armour      |       |     1 |       ||     1
  Use: Potion            |       |       |     2 ||     2
       Scroll            |       |       |     1 ||     1
Armor: Robe              |    51 |    78 |    24 ||   153
Dodge: Dodged            |    43 |    96 |    39 ||   178

Levels and vault maps discovered:
D:1:      lightli_arrival_maybe_door_vault, layout_loops_ring
D:2:      minmay_inner_zag, layout_basic, uniq_natasha, uniq_sigmund,
          uniq_jessica
D:3:      layout_loops_ring
D:4:      minmay_door_path, layout_gridville, gammafunk_ghost_split, uniq_ijyb,
          uniq_duvessa
D:7:      layout_basic, mainiacjoe_overflow_concentric_impassable,
          mainiacjoe_overflow_six_doors_small, temple_pool_b, enter_bailey_4,
          chequers_ossuary_entry_cave, minivault_1
Bailey:   bailey_axe_3, bailey

Notes
Turn   | Place    | Note
-------+----------+-------------------------------------------
     0 | D:1      | sanka the Troll Cinder Acolyte began the quest for the Orb.
     0 | D:1      | Reached XP level 1. HP: 22/22 MP: 1/1
    63 | D:1      | Reached skill level 3 in Maces & Flails
    73 | D:1      | Reached XP level 2. HP: 21/29 MP: 2/2
   670 | D:2      | Reached skill level 4 in Maces & Flails
   670 | D:2      | Reached XP level 3. HP: 30/36 MP: 3/3
   686 | D:2      | Noticed Jessica
   693 | D:2      | Killed Jessica
   694 | D:2      | Reached XP level 4. HP: 40/44 MP: 4/4
   805 | D:2      | Reached skill level 5 in Maces & Flails
  1131 | D:2      | Reached XP level 5. HP: 45/50 MP: 5/5
  1343 | D:2      | Noticed Sigmund
  1364 | D:2      | Killed Sigmund
  1365 | D:2      | Reached skill level 6 in Maces & Flails
  1365 | D:2      | Reached XP level 6. HP: 13/59 MP: 6/6
  1449 | D:2      | Noticed Natasha
  1455 | D:2      | Killed Natasha
  1582 | D:2      | Noticed Natasha
  1591 | D:2      | Killed Natasha
  2112 | D:3      | Reached skill level 7 in Maces & Flails
  2531 | D:4      | Found a runed translucent gate.
  2531 | D:4      | Found a runed translucent gate.
  2531 | D:4      | Found a runed translucent gate.
  2531 | D:4      | Noticed nmsoi's ghost (novice GnEE)
  2556 | D:4      | Reached XP level 7. HP: 66/66 MP: 7/7
  2666 | D:7      | Found a sand-covered staircase.
  2681 | D:7      | Found a flagged portal.
  2703 | Bailey   | Entered a bailey
  2774 | Bailey   | HP: 2/66 [kobold brigand/+0 war axe (13)]
  2777 | Bailey   | Slain by a kobold brigand

Vanquished Creatures
  Sigmund (D:2)
  A kobold brigand (Bailey)
  A necrophage (D:4)
  Jessica (D:2)
  Natasha (twice) (D:2)
  2 orc wizards (D:3)
  3 gnolls
  7 adders
  A dart slug (D:1)
  3 worms
  17 orcs
  5 ball pythons
  6 endoplasms
  3 giant cockroaches
  5 goblins
  7 hobgoblins
  9 kobolds
  5 quokkas
  13 bats
  3 frilled lizards
  3 rats
98 creatures vanquished.
